 Dungeon Crawl Stone Soup version 0.31-a0-1-g4198be8af4 (webtiles) character file.

Game seed: 17629587937689429551

18125 Chudface the Covert (level 12, -14/76 HPs)
             Began as a Kobold Brigand on May 2, 2023.
             Was a High Priest of Cheibriados.
             Killed from afar by an oklob plant (32 damage)
             ... with a splash of acid
             ... on level 2 of the Lair of Beasts.
             The game lasted 01:03:58 (10620 turns).

Chudface the Covert (Kobold Brigand)               Turns: 10620, Time: 01:03:59

Health: -14/76     AC:  6    Str: 19    XL:     12   Next: 91%
Magic:  8/18       EV: 29    Int: 25    God:    Cheibriados [*****.]
Gold:   580        SH:  0    Dex: 31    Spells: 11/11 levels left

rFire   . . .        c - +3 scimitar (flame)
rCold   . . .        (no shield)
rNeg    . . .        i - +0 ring mail {Will+}
rPois   .            H - +2 helmet "Paorus" {Will+}
rElec   .            y - +0 cloak
rCorr   .            (no gloves)
SInv    .            (no boots)
Will    ++...        (no amulet)
Stlth   +++++++      K - +5 ring of evasion
HPRegen 0.32/turn    M - ring of flight
MPRegen 0.16/turn

%: no passive effects
@: corroded, flying, very slow
A: small, no large weapons, nightstalker 3
a: Renounce Religion, Bend Time, Temporal Distortion, Slouch, Step From Time


You were on level 2 of the Lair of Beasts.
You worshipped Cheibriados.
Cheibriados was extremely pleased with you.
You visited 3 branches of the dungeon, and saw 15 of its levels.

You collected 776 gold pieces.
You spent 196 gold pieces at shops.

Inventory:

Hand Weapons
 a - a +0 short sword of electrocution
 b - a +2 short sword of venom
 c - a +3 scimitar of flaming (weapon)
 d - a +0 sling
 e - a +2 dagger
Missiles
 E - 4 boomerangs
 G - 48 poisoned darts
 O - 4 curare-tipped darts (quivered)
Armour
 i - a +0 ring mail of willpower (worn)
 y - a +0 cloak (worn)
 H - the +2 helmet "Paorus" (worn) {Will+}
   (You found it on level 6 of the Dungeon)

   Will:      It increases your willpower.
Jewellery
 K - a +5 ring of evasion (left hand)
 M - a ring of flight (right hand)
Wands
 B - a wand of charming (12)
 J - a wand of light (7)
 P - a wand of polymorph (5)
Scrolls
 p - 3 scrolls of enchant armour
 q - 5 scrolls of enchant weapon
 s - 6 scrolls of teleportation
 u - 5 scrolls of amnesia
 v - a scroll of immolation {unknown}
 w - 4 scrolls of magic mapping
 x - a scroll of fear {unknown}
 A - 2 scrolls of noise
 D - a scroll of brand weapon {unknown}
 F - 5 scrolls of vulnerability
 I - a scroll of blinking {unknown}
 L - a scroll of poison
 N - a scroll of acquirement {unknown}
Potions
 f - a potion of heal wounds {unknown}
 g - 3 potions of ambrosia
 h - 2 potions of experience
 j - 2 potions of lignification {unknown}
 k - a potion of invisibility {unknown}
 l - 2 potions of haste {unknown}
 m - 12 potions of curing
 n - 5 potions of attraction
 o - a potion of berserk rage {unknown}
 r - 4 potions of flight
 t - 2 potions of brilliance {unknown}
 z - 3 potions of mutation
 C - a potion of might {unknown}


   Skills:
 - Level 9.2 Fighting
 - Level 10.0(11.7) Short Blades
 + Level 6.3(7.5) Long Blades
 - Level 2.0 Ranged Weapons
 - Level 3.0 Throwing
 - Level 4.9 Armour
 - Level 10.0 Dodging
 - Level 12.6 Stealth
 - Level 8.5 Invocations


You had 11 spell levels left.
You didn't know any spells.
Your spell library contained the following spells:

 Spells                   Type           Power      Damage    Failure   Level
 Apportation              Tloc           0%         N/A       22%         1
 Necrotise                Necr           0%         1d4       22%         1
 Summon Small Mammal      Summ           0%         N/A       22%         1
 Ensorcelled Hibernation  Hex/Ice        0%         N/A       34%         2
 Poisonous Vapours        Pois/Air       0%         N/A       34%         2
 Inner Flame              Hex/Fire       0%         N/A       56%         3
 Mephitic Cloud           Conj/Pois/Air  0%         N/A       56%         3
 Spider Form              Tmut/Pois      0%         N/A       56%         3
 Anguish                  Hex/Necr       0%         N/A       92%         4
 Animate Armour           Summ/Erth      0%         N/A       92%         4
 Cause Fear               Hex            0%         N/A       92%         4
 Flame Wave               Conj/Fire      0%         2d4       92%         4
 Sticky Flame             Conj/Fire      0%         2d3       92%         4
 Blade Hands              Tmut           0%         N/A       99%         5
 Freezing Cloud           Conj/Ice/Air   0%         6-21      99%         5
 Yara's Violent Unravell  Hex/Tmut       0%         3d3       99%         5
 Iron Shot                Conj/Erth      0%         9d1       100%        6
 Dragon Form              Tmut           0%         N/A       100%        7
 Enfeeble                 Hex            0%         N/A       100%        7
 Dragon's Call            Summ           0%         N/A       100%        9


Dungeon Overview and Level Annotations

Branches:
Dungeon (12/15)            Temple (1/1) D:4            Lair (2/5) D:11
  Swamp: Lair:2-3    Shoals: Lair:2-3     Snake: Lair:2-3    Spider: Lair:2-3
    Orc: D:9-12

Altars:
Cheibriados
Dithmenos
Elyvilon
Fedhas
Gozag
Kikubaaqudgha
Makhleb
Nemelex Xobeh
Okawaru
Qazlal
Ru
Trog
Uskayaw
Vehumet
Xom
Zin
The Shining One

Shops:
D:6 (   D:7 *   D:11 ?

Annotations:
D:4 exclusion: downstairs
D:7 exclusions: 3 killer bees and 1 more exclusion
D:9 exclusion: ugly thing
Lair:1 2 transporters, dracfodder's ghost, novice TrMo
Lair:2 exclusion: 2 oklob plants


Innate Abilities, Weirdness & Mutations

You are small and have problems with some larger weapons.
You are completely attuned to the shadows.


Message History

The yak closely misses you.
You slash the yak! You burn the yak!
You kill the yak!
Cheibriados appreciates the change of pace.
Found a book of Iron.
You pick up a book of Iron and begin reading...
You add the spells Animate Armour, Blade Hands and Iron Shot to your library.
Found a glass wand.
P - a wand of polymorph (5)
An oklob plant comes into view.
Marking area around an oklob plant as unsafe for travelling.
An oklob plant and a wyvern come into view.
Marking area around an oklob plant as unsafe for travelling.
The helpless oklob plant fails to defend itself.
You slice the oklob plant!! You burn the oklob plant!
You punch the oklob plant, but do no damage.
The oklob plant is severely damaged.
You hit the oklob plant. You burn the oklob plant.
The oklob plant is almost destroyed.
You hit the oklob plant but do no damage.
The oklob plant is almost destroyed.
You hit the oklob plant but do no damage.
The oklob plant is almost destroyed.
The oklob plant spits acid at you. The splash of acid hits you!!
The wyvern hisses angrily.
You hit the oklob plant but do no damage.
The oklob plant is severely damaged.
The oklob plant spits acid at you. The splash of acid hits you!
The acid corrodes you!
Okay, then.
You fail to use your ability.
The oklob plant spits acid at you. The splash of acid hits you!!
* * * LOW HITPOINT WARNING * * *
You step out of the flow of time.
You return to the normal time flow.
Cheibriados lowers the support of your attributes as your movement quickens.
The oklob plant spits acid at you. The splash of acid hits you!!
You die...

#. ##..##
#...##
#....##
#...PP#
#....## #
#.P...#.#
#..P..#.#
#.#PP.P.#
###P.@.##
#....P#
#.....#
.....P#
P#...##


You could see 2 oklob plants.

Vanquished Creatures
  Erica (D:11)
  4 two-headed ogres
  A boulder beetle (D:12)
  A death yak (Lair:1)
  2 cyclopes (D:11)
  A manticore (D:11)
  3 gargoyles
  A cane toad (Lair:1)
  A rime drake (D:11)
  An unseen horror (D:11)
  A torpor snail (Lair:1)
  A komodo dragon (Lair:1)
  A kobold demonologist (D:9)
  A polar bear (D:11)
  5 blink frogs (Lair:1)
  2 wyverns (D:9)
  3 shadows
  14 yaks
  A vampire (D:10)
  A wraith (D:11)
  3 steam dragons (D:8)
  4 vampire mosquitoes (D:10)
  2 acid dragons (D:11)
  4 water moccasins
  A sky beast (D:7)
  2 black bears
  2 orc warriors (D:9)
  6 ice beasts
  5 ogres
  13 wolves
  4 centaurs (D:11)
  2 phantoms
  3 kobold brigands
  3 bullfrogs
  2 gnoll sergeants (D:8)
  3 scorpions
  6 killer bees (D:10)
  4 howler monkeys
  An orc priest (D:10)
  3 hounds
  A jelly (D:7)
  A gnoll bouda (D:7)
  3 orc wizards
  Ijyb (D:5)
  Terence (D:2)
  A sleepcap (D:4)
  3 iguanas
  6 adders
  14 gnolls
  A white imp (D:6)
  2 ufetubi
  A worm (D:2)
  2 dart slugs
  19 orcs
  8 ball pythons
  6 bats
  6 endoplasms
  2 giant cockroaches
  7 goblins
  7 hobgoblins
  5 jackals (D:1)
  4 quokkas
  2 frilled lizards
  22 kobolds
  A rat (D:1)
  A butterfly (D:4)
246 creatures vanquished.

Vanquished Creatures (others)
  An angel (D:9)
  2 yaks (D:8)
  A human (D:10)
  A fungus (Lair:1)
  11 plants (Lair:2)
16 creatures vanquished.

Grand Total: 262 creatures vanquished

Notes
Turn   | Place    | Note
-------+----------+-------------------------------------------
     0 | D:1      | Chudface the Kobold Brigand began the quest for the Orb.
     0 | D:1      | Reached XP level 1. HP: 12/12 MP: 1/1
    85 | D:1      | Reached XP level 2. HP: 18/18 MP: 2/2
   355 | D:1      | Reached XP level 3. HP: 22/22 MP: 3/3
   672 | D:2      | Noticed Terence
   676 | D:2      | Killed Terence
   677 | D:2      | Reached XP level 4. HP: 27/27 MP: 4/4
  1708 | D:3      | Reached XP level 5. HP: 32/32 MP: 5/5
  1785 | D:4      | Reached skill level 1 in Ranged Weapons
  1785 | D:4      | Reached skill level 6 in Stealth
  1939 | D:3      | Found a faded altar of an unknown god.
  1942 | D:3      | Prayed at the altar of an unknown god.
  1942 | D:3      | Became a worshipper of Cheibriados the Contemplative
  1942 | D:3      | Reached * piety under Cheibriados
  2013 | D:4      | Found a staircase to the Ecumenical Temple.
  2025 | Temple   | Entered the Ecumenical Temple
  2053 | D:3      | Found an iron altar of Okawaru.
  2109 | D:5      | Entered Level 5 of the Dungeon
  2126 | D:4      | Noticed an ogre
  2142 | D:4      | Killed an ogre
  2143 | D:4      | Reached skill level 1 in Invocations
  2143 | D:4      | Reached XP level 6. HP: 37/37 MP: 6/6
  2383 | D:3      | Found a white marble altar of Elyvilon.
  2726 | D:4      | Reached ** piety under Cheibriados
  2827 | D:4      | Reached XP level 7. HP: 42/42 MP: 8/8
  2935 | D:4      | Reached skill level 5 in Short Blades
  2935 | D:4      | Reached skill level 7 in Stealth
  3411 | D:5      | Noticed Ijyb
  3582 | D:5      | Noticed a water moccasin
  3589 | D:6      | Found Suelap's Weapon Boutique.
  3592 | D:6      | Bought a +1 short sword of freezing for 136 gold pieces
  3637 | D:6      | Noticed a water moccasin
  3645 | D:6      | Killed a water moccasin
  3646 | D:6      | Reached XP level 8. HP: 43/48 MP: 10/10
  3711 | D:6      | Identified the +2 helmet "Paorus" {Will+}
  3749 | D:6      | Found an opulent altar of Gozag.
  3793 | D:6      | Found a bloodstained altar of Trog.
  4062 | D:5      | Killed Ijyb
  4113 | D:5      | Found a blossoming altar of Fedhas.
  4120 | D:5      | Found a sacrificial altar of Ru.
  4121 | D:5      | Found a sparkling altar of Nemelex Xobeh.
  4159 | D:5      | Reached skill level 5 in Fighting
  4159 | D:5      | Reached skill level 5 in Dodging
  4301 | D:5      | Reached skill level 8 in Stealth
  4614 | D:6      | Found a radiant altar of Vehumet.
  4649 | D:6      | Reached skill level 1 in Armour
  4649 | D:6      | Reached XP level 9. HP: 54/54 MP: 10/12
  5158 | D:7      | Reached *** piety under Cheibriados
  5403 | D:7      | Found a hide-covered altar of Uskayaw.
  5484 | D:7      | Found Fegeisuy's Assorted Antiques.
  5584 | D:7      | Reached skill level 9 in Stealth
  5707 | D:7      | Found a burning altar of Makhleb.
  6027 | D:8      | Reached skill level 5 in Invocations
  6316 | D:9      | Noticed an angel
  6317 | D:9      | Found a glowing silver altar of Zin.
  6317 | D:9      | Found a shimmering altar of Xom.
  6430 | D:8      | Found a shadowy altar of Dithmenos.
  6485 | D:8      | Reached XP level 10. HP: 43/61 MP: 12/14
  6612 | D:8      | Reached **** piety under Cheibriados
  6748 | D:8      | Reached skill level 10 in Stealth
  7226 | D:9      | Noticed a red ugly thing
  7253 | D:10     | Entered Level 10 of the Dungeon
  7389 | D:9      | Killed an angel
  7583 | D:9      | Noticed a kobold demonologist
  7590 | D:9      | Killed a kobold demonologist
  7730 | D:9      | Noticed a two-headed ogre
  7735 | D:9      | Killed a two-headed ogre
  7900 | D:10     | Noticed a two-headed ogre
  7917 | D:10     | Killed a two-headed ogre
  7918 | D:10     | Reached skill level 11 in Stealth
  7918 | D:10     | Reached XP level 11. HP: 67/68 MP: 16/16
  7927 | D:10     | Found a glowing golden altar of the Shining One.
  8205 | D:10     | Noticed a two-headed ogre
  8218 | D:10     | Killed a two-headed ogre
  8353 | D:10     | Found a stormy altar of Qazlal.
  8387 | D:10     | Noticed a two-headed ogre
  8398 | D:10     | Killed a two-headed ogre
  8399 | D:10     | Reached skill level 10 in Short Blades
  8611 | D:10     | Found an ancient bone altar of Kikubaaqudgha.
  8730 | D:11     | Found Vuqoarr's Magic Scroll Shop.
  8735 | D:11     | Bought a scroll of identify for 30 gold pieces
  8735 | D:11     | Bought a scroll of identify for 30 gold pieces
  8779 | D:11     | Reached ***** piety under Cheibriados
  8805 | D:11     | Noticed a manticore
  8809 | D:11     | Killed a manticore
  8810 | D:11     | Reached skill level 12 in Stealth
  8925 | D:11     | Noticed a cyclops
  8981 | D:11     | Noticed a cyclops
  9003 | D:11     | Killed a cyclops
  9047 | D:11     | Reached XP level 12. HP: 75/75 MP: 18/18
  9207 | D:11     | Noticed Erica
  9224 | D:11     | Killed Erica
  9309 | D:11     | Reached skill level 1 in Long Blades
  9313 | D:11     | Reached skill level 10 in Dodging
  9462 | D:12     | Noticed a boulder beetle
  9553 | D:12     | Noticed a boulder beetle
  9556 | D:12     | Killed a boulder beetle
  9579 | D:11     | Found a staircase to the Lair.
  9713 | Lair:1   | Entered Level 1 of the Lair of Beasts
  9824 | Lair:1   | Noticed a death yak
  9835 | Lair:1   | Reached skill level 5 in Long Blades
  9846 | Lair:1   | Killed a death yak
 10191 | Lair:1   | Noticed a spriggan rider
 10196 | Lair:1   | Found a transporter.
 10209 | Lair:1   | Found a transporter.
 10240 | Lair:1   | Noticed dracfodder's ghost (novice TrMo)
 10620 | Lair:2   | Killed from afar by an oklob plant

Illustrated notes

Levels and vault maps discovered:
D:1:      scummos_arrival_star, layout_rooms, eino_curves_03
D:2:      layout_loops_corners, minivault_11, chequers_garden, uniq_terence
D:3:      layout_rooms, mainiacjoe_overflow_cross_hatched,
          mainiacjoe_overflow_brackets, shapermc_ecumenical_altar_mp_vishouse,
          small_statue_intersection, feat_on_display
D:4:      layout_loops_ring, minmay_temple_entry_butterflies,
          eino_small_chamber_without_monster
D:5:      layout_rooms, minitemple, uniq_ijyb
D:6:      layout_gridville, trog_three_pillars_becter, amcnicky_altar_gilded,
          mainiacjoe_overflow_tiny_flanked, nicolae_stop_n_shop_2
D:7:      layout_basic, lemuel_doored_altar, mainiacjoe_overflow_chevrons,
          serial_shops, nicolae_shop_dealshenge, moated_statue
D:8:      layout_basic, nicolae_dithmenos_the_darkroom, minmay_misc_feat_cross,
          lightli_corner_chamber
D:9:      layout_irregular_city, grunt_temple_overflow_order_and_chaos_1,
          serial_column_ruins, column_ruins_open_tiny, column_ruins_open_small,
          column_ruins_open_medium, column_ruins_corridor_T,
          column_ruins_columns_straight, column_ruins_open_small
D:10:     layout_irregular_city, kennysheep_mini_moat,
          mainiacjoe_overflow_surrounded_room, tgw_kikubaaqudgha
D:11:     layout_loops_ring, hellmonk_lair_entry_icy, serial_shops, shop,
          kennysheep_boxes, uniq_erica
D:12:     layout_basic, orc_0_dummy
Temple:   nicolae_temple_two_arcs
Lair:1:   layout_gridlike, gammafunk_ghost_wrathful_warriors,
          serial_bayou_shore_b
Lair:2:   minmay_lair_oklob_tunnel, layout_long_grid

Skill      XL: |  1  2  3  4  5  6  7  8  9 10 11 12 |
---------------+-------------------------------------+-----
Short Blades   | 3 4 5 6 7 9 10 | 10.0
Dodging        | 2 3 4 5 6 8 9 10 | 10.0
Fighting       | 3 4 5 6 7 8 9 |  9.2
Throwing       | 3 |  3.0
Ranged Weapons | 1 2 |  2.0
Stealth        | 6 7 8 9 11 12 | 12.6
Invocations    | 1 2 4 5 6 8 |  8.5
Armour         | 1 2 3 4 |  4.9
Long Blades    | 6 |  6.3

Action                     |  1- 3 |  4- 6 |  7- 9 | 10-12 || total
---------------------------+-------+-------+-------+-------++-------
  Melee: Dagger            |    77 |    93 |    84 |    10 ||   264
         Punch             |     1 |     1 |     1 |     6 ||     9
         Short sword       |       |       |   140 |   366 ||   506
         Whip              |       |       |     7 |       ||     7
         Scimitar          |       |       |       |    80 ||    80
   Fire: Sling             |       |     5 |     2 |       ||     7
  Throw: Dart              |     1 |     1 |     8 |    21 ||    31
 Invoke: Bend Time         |       |       |     1 |     3 ||     4
         Slouch            |       |       |       |     3 ||     3
         Step From Time    |       |       |       |     1 ||     1
  Evoke: Wand              |       |       |     1 |     6 ||     7
    Use: Scroll            |       |     4 |     8 |     4 ||    16
   Stab: Sleeping          |    12 |    22 |    33 |    23 ||    90
         Invisible         |       |       |       |     3 ||     3
         Distracted        |       |       |       |     1 ||     1
 Armour: Robe              |    13 |       |       |       ||    13
         Ring mail         |    17 |    21 |    32 |    41 ||   111
         Steam dragon scal |       |       |     1 |     9 ||    10
  Dodge: Dodged            |    71 |    28 |   103 |   486 ||   688

Table legend: (Time is in decaauts)
 A = Elapsed time spent in this place.
 B = Non-inter-level travel time spent in this place.
 C = Inter-level travel time spent in this place.
 D = Time resting spent in this place.
 E = Time spent auto-exploring this place.
 F = Levels seen in this place.
 G = Mean time per level.
                   A        B        C        D        E       F      G
               +--------+--------+--------+--------+--------+-----+--------+
         Total |  15138 |  12731 |   2407 |      0 |   2040 |  15 | 1009.2 |
       Dungeon |  13542 |  11444 |   2098 |      0 |   1999 |  12 | 1128.5 |
        Temple |      1 |      1 |      0 |      0 |      0 |   1 |    1.0 |
          Lair |   1593 |   1284 |    309 |      0 |     41 |   2 |  796.5 |
               +--------+--------+--------+--------+--------+-----+--------+

Top non-repeatable levels by time:
     D:8: 1695 daAuts
    D:11: 1578 daAuts
     D:9: 1482 daAuts
  Lair:1: 1461 daAuts
     D:6: 1452 daAuts
    D:10: 1254 daAuts
     D:4: 1155 daAuts
     D:7: 1098 daAuts
     D:2: 1077 daAuts
     D:3: 1055 daAuts
     D:5: 950 daAuts
     D:1: 613 daAuts
  Lair:2: 131 daAuts
    D:12: 130 daAuts
  Temple: 1 daAuts
